 Dungeon Crawl Stone Soup version 0.29.1-15-g9cfb28693d (webtiles) character file.

Game seed: 1308672172207173113

317 EarthwalkerPL the Trooper (level 6, -2/56 HPs)
             Began as a Minotaur Fighter on Apr 10, 2023.
             Slain by a gnoll
             ... wielding a +0 halberd
             ... led by a gnoll bouda
              (9 damage)
             ... on level 5 of the Dungeon.
             The game lasted 00:02:20 (2611 turns).

EarthwalkerPL the Trooper (Minotaur Fighter)        Turns: 2611, Time: 00:02:21

Health: -2/56      AC:  8    Str: 22    XL:     6   Next: 20%
Magic:  5/5        EV:  9    Int:  5    God:
Gold:   159        SH:  4    Dex: 10    Spells: 5/5 levels left

rFire   . . .      SeeInvis .   a - +0 war axe
rCold   . . .      Faith    .   c - +0 buckler
rNeg    + . .      Spirit   .   b - +0 scale mail
rPois   .          Reflect  .   (helmet restricted)
rElec   .          Harm     .   (no cloak)
rCorr   .          Rampage  .   (no gloves)
Will    .....                   s - +0 pair of boots
Stlth   ..........              (no amulet)
HPRegen 0.18/turn               n - ring of positive energy
MPRegen 0.09/turn               (no ring)

@: weakened
A: horns 2, retaliatory headbutt
a: no special abilities


You were on level 5 of the Dungeon.
You visited 1 branch of the dungeon, and saw 5 of its levels.

You collected 159 gold pieces.

Inventory:

Hand Weapons
 a - a +0 war axe (weapon)
Missiles
 k - 3 boomerangs (quivered)
 p - 4 curare-tipped darts
Armour
 b - a +0 scale mail (worn)
 c - a +0 buckler (worn)
 s - a +0 pair of boots (worn)
Jewellery
 n - a ring of positive energy (left hand)
Scrolls
 e - 3 scrolls of fog {unknown}
 i - 2 scrolls of amnesia {unknown}
 j - 2 scrolls of enchant armour {unknown}
 l - a scroll of teleportation {unknown}
Potions
 d - a potion of might
 f - a potion of magic {unknown}
 g - a potion of heal wounds {unknown}
 h - 2 potions of lignification {unknown}
 m - a potion of degeneration {unknown}
 o - a potion of berserk rage {unknown}
 q - 2 potions of mutation {unknown}
 r - a potion of curing {unknown}
 t - a potion of haste {unknown}


   Skills:
 * Level 5.4 Fighting
 * Level 4.7 Axes
 * Level 5.4 Armour
 + Level 4.6 Shields


You had 5 spell levels left.
You didn't know any spells.
Your spell library was empty.

Dungeon Overview and Level Annotations

Branches:
Dungeon (5/15)
 Temple: D:4-7

Altars:
Fedhas
Ru
Vehumet
Xom
Yredelemnul


Innate Abilities, Weirdness & Mutations

You have a pair of horns on your head.
You reflexively headbutt those who attack you in melee.


Message History

Unknown command.
You are too injured to fight recklessly!
Unknown command.
You are too injured to fight recklessly!
Unknown command.
You are too injured to fight recklessly!
Unknown command.
You are too injured to fight recklessly!
You barely miss the gnoll bouda. You headbutt the gnoll bouda!
The gnoll bouda is heavily wounded.
You completely miss the orc. The gnoll hits you but does no damage.
The orc hits you but does no damage.
The gnoll bouda hits you but does no damage.
The gnoll hits you from afar with a +0 halberd.
You hit the gnoll bouda but do no damage.
The gnoll bouda is heavily wounded.
You hit the orc but do no damage. The orc hits you with a +0 hand axe.
* * * LOW HITPOINT WARNING * * *
You block the gnoll bouda's attack. The gnoll barely misses you.
Unknown command.
You barely miss the gnoll bouda. You headbutt the gnoll bouda.
The gnoll bouda is severely wounded.
You hit the orc. The orc hits you with a +0 hand axe.
* * * LOW HITPOINT WARNING * * *
The gnoll bouda gazes fiercely through you!
You feel as though you will be weak longer.
The gnoll bouda barely misses you. The gnoll barely misses you.
The orc closely misses you.
The gnoll bouda prays to its god.
The gnoll bouda is healed somewhat.
You slash the gnoll bouda!
You kill the gnoll bouda!
You closely miss the orc. The gnoll hits you but does no damage.
The orc closely misses you.
Unknown command.
You slash the gnoll!
The gnoll is severely wounded.
You hit the orc but do no damage.
The gnoll hits you from afar with a +0 halberd!
You die...

# # #. .#
#.### ..#
#.<.####g..###
#...@go.....
#.###og.....
#.# #......
#.# ###### #.#
#.# #.# #.#
#.#


You could see 3 gnolls and 2 orcs.

Vanquished Creatures
  A hound (D:4)
  2 jellies
  2 orc priests (D:3)
  A gnoll bouda (D:5)
  An orc wizard (D:3)
  4 adders
  A shadow imp (D:5)
  An ufetubus (D:5)
  A worm (D:3)
  2 dart slugs
  5 orcs
  5 endoplasms
  2 giant cockroaches (D:3)
  10 goblins
  6 hobgoblins
  4 jackals (D:1)
  4 kobolds
  A ball python (D:1)
  2 bats (D:1)
  2 frilled lizards (D:1)
  3 rats
60 creatures vanquished.

Notes
Turn   | Place    | Note
-------+----------+-------------------------------------------
     0 | D:1      | EarthwalkerPL the Minotaur Fighter began the quest for the
                  | Orb.
     0 | D:1      | Reached XP level 1. HP: 19/19 MP: 0/0
   163 | D:1      | Reached XP level 2. HP: 25/27 MP: 1/1
   373 | D:1      | Found a faded altar of an unknown god.
   765 | D:2      | Reached XP level 3. HP: 33/33 MP: 2/2
   837 | D:2      | You fall into a shaft and drop 1 floor!
  1086 | D:3      | Identified the +9 whip of True Grit {flame, +Blink rN+}
  1175 | D:3      | Found a radiant altar of Vehumet.
  1182 | D:3      | Found a blossoming altar of Fedhas.
  1187 | D:3      | Found a shimmering altar of Xom.
  1187 | D:3      | Found a sacrificial altar of Ru.
  1197 | D:3      | Found a basalt altar of Yredelemnul.
  1274 | D:3      | Reached XP level 4. HP: 40/41 MP: 3/3
  1283 | D:3      | Reached XP level 5. HP: 21/47 MP: 4/4
  1796 | D:4      | Reached skill level 5 in Fighting
  1928 | D:4      | Reached skill level 5 in Armour
  2471 | D:5      | Entered Level 5 of the Dungeon
  2475 | D:5      | Reached XP level 6. HP: 50/56 MP: 5/5
  2611 | D:5      | Slain by a gnoll

Illustrated notes

Levels and vault maps discovered:
D:1:      mrwooster_arrival_statue_3, layout_loops_cross,
          chequers_ecumenical_altar_simple_redux
D:2:      layout_loops_ring, chequers_garden, minmay_pentomino_q2
D:3:      layout_loops_cross, nicolae_overflow_hallway_of_the_gods,
          minmay_misc_feat_diagonals
D:4:      layout_loops_corners
D:5:      layout_loops_ring, hangedman_decor_growths, uniq_ijyb, uniq_pikel

Skill      XL: |  1  2  3  4  5 |
---------------+----------------+-----
Fighting       | 4 5 |  5.4
Axes           | 3 4 |  4.7
Armour         | 4 5 |  5.4
Shields        | 4 |  4.6

Action                   |  1- 3 |  4- 6 || total
-------------------------+-------+-------++-------
Melee: War axe           |    59 |    44 ||   103
       Headbutt          |     9 |     9 ||    18
Armor: Scale mail        |    20 |    28 ||    48
Dodge: Dodged            |    31 |    21 ||    52
Block: Buckler           |     8 |    15 ||    23
